 Dungeon Crawl Stone Soup version 0.23.2-40-g277498a001 (webtiles) character file.

Game seed: 1209291660715618894

16153 Emblim88 the Carver (level 12, -17/117 HPs)
             Began as a Minotaur Monk on Oct 23, 2019.
             Was a High Priest of Qazlal.
             Demolished by Frances
             ... wielding a +0 flail
              (26 damage)
             ... on level 11 of the Dungeon.
             The game lasted 00:36:31 (11189 turns).

Emblim88 the Carver (Minotaur Monk)                Turns: 11189, Time: 00:36:31

Health: -17/117    AC: 11    Str: 20    XL:     12   Next: 7%
Magic:  16/18      EV: 24    Int: 10    God:    Qazlal [*****.]
Gold:   784        SH:  7    Dex: 19    Spells: 2/16 levels left

rFire    . . .     SeeInvis .   y - +0 scimitar
rCold    . . .     Gourm    .   (no shield)
rNeg     . . .     Faith    .   k - +2 leather armour "Abonad" {rElec Int+3 Dex+3 Stlth+}
rPois    .         Spirit   .   R - +0 hat
rElec    +         Reflect  .   p - +0 cloak
rCorr    .         Harm     .   H - +0 pair of gloves
MR       +....                  h - +0 pair of boots
Stlth    +.........             (no amulet)
HPRegen  0.29/turn              F - +5 ring of evasion
MPRegen  0.16/turn              M - ring of protection from magic

@: protected from physical damage, repel missiles
A: retaliatory headbutt, horns 2, robust 1, strong 1
a: Upheaval, Elemental Force, Disaster Area, Renounce Religion


You were on level 11 of the Dungeon.
You worshipped Qazlal.
Qazlal was extremely pleased with you.
You were not hungry.

You visited 2 branches of the dungeon, and saw 13 of its levels.
You also visited: Sewer.

You collected 784 gold pieces.

Inventory:

Hand Weapons
 y - a +0 scimitar (weapon)
Missiles
 v - 37 poisoned needles
 w - 4 throwing nets (quivered)
Armour
 h - a +0 pair of boots (worn)
 k - the +2 leather armour "Abonad" (worn) {rElec Int+3 Dex+3 Stlth+}
   (You found it on level 4 of the Dungeon)

   It affects your intelligence (+3).
   It affects your dexterity (+3).
   It insulates you from electricity.
   It makes you more stealthy.
 p - a +0 cloak (worn)
 u - a +0 plate armour
 H - a +0 pair of gloves (worn)
 R - a +0 hat (worn)
Jewellery
 f - an uncursed ring of see invisible
 s - an uncursed ring of protection from fire
 F - a +5 ring of evasion (left hand)
 K - an uncursed ring of flight
 M - a ring of protection from magic (right hand)
Wands
 b - a wand of flame (11)
 J - a wand of iceblast (8)
 L - a wand of enslavement (4)
 N - a wand of paralysis (5)
 P - a wand of acid (9)
Scrolls
 a - a scroll of fear
 d - a scroll of noise
 i - 7 scrolls of magic mapping
 m - 2 scrolls of enchant armour
 r - 8 scrolls of remove curse
 t - 4 scrolls of teleportation
 C - 3 scrolls of amnesia
 D - 2 scrolls of enchant weapon
 Q - a scroll of silence {unknown}
Potions
 g - 6 potions of flight
 j - a potion of mutation
 l - a potion of agility
 z - 2 potions of might
 A - a potion of magic {unknown}
 B - 4 potions of lignification {unknown}
 E - a potion of haste
 G - a potion of ambrosia
Miscellaneous
 I - a lamp of fire (inert)
Comestibles
 c - 20 rations


   Skills:
 + Level 10.4 Fighting
 + Level 10.5 Long Blades
 + Level 3.2 Armour
 + Level 9.5 Dodging
 - Level 1.5 Stealth
 * Level 2.7 Spellcasting
 + Level 0.5 Conjurations
 * Level 2.6 Charms
 + Level 1.0 Summonings
 * Level 9.9 Invocations
 + Level 6.1 Evocations


You had 2 spell levels left.
You knew the following spells:

 Your Spells              Type           Power        Failure   Level  Hunger
a - Shroud of Golubria    Chrm/Tloc      #.........   28%         2    ###....
b - Regeneration          Chrm/Necr      #.........   50%         3    ####...
c - Song of Slaying       Chrm           #.......     17%         2    ###....
d - Spellforged Servitor  Conj/Summ      #.........   100%        7    #######

Your spell library contained the following spells:

 Spells                   Type           Power        Failure   Level  Hunger
 Infusion                 Chrm           #...         12%         1    ##.....
 Summon Small Mammal      Summ           #...         22%         1    ##.....
 Animate Skeleton         Necr           N/A          32%         1    ##.....
 Apportation              Tloc           #.....       32%         1    ##.....
 Confusing Touch          Hex            #.....       32%         1    ##.....
 Poisonous Vapours        Pois/Air       #.....       45%         2    ###....
 Spectral Weapon          Hex/Chrm       #.......     50%         3    ####...
 Conjure Flame            Conj/Fire      #.......     65%         3    ####...
 Mephitic Cloud           Conj/Pois/Air  #.......     67%         3    ####...
 Iskenderun's Battlesphe  Conj/Chrm      #.......     99%         5    ######.
 Bolt of Magma            Conj/Fire/Erth #.........   100%        5    ######.
 Venom Bolt               Conj/Pois      #.........   100%        5    ######.
 Freezing Cloud           Conj/Ice/Air   #.........   100%        6    #######
 Iron Shot                Conj/Erth      #.........   100%        6    #######
 Orb of Destruction       Conj           #.........   100%        7    #######
 Ring of Flames           Chrm/Fire      #.........   100%        7    #######


Dungeon Overview and Level Annotations

Branches:
Dungeon (12/15)            Temple (1/1) D:4            Lair (0/6) D:10
    Orc: D:9-12

Altars:
Ashenzari
Cheibriados
Dithmenos
Elyvilon
Fedhas
Gozag
Hepliaklqana
Kikubaaqudgha
Makhleb
Nemelex Xobeh
Okawaru
Qazlal
Ru
Sif Muna
Trog
Uskayaw
Vehumet
Wu Jian
Xom
Yredelemnul
Zin
The Shining One

Shops:
D:8 *

Annotations:
D:6 3 runed translucent doors, NeAGen181's ghost, amateur HOFi; Tensor's ghost, novice HaHu
D:11 Frances


Innate Abilities, Weirdness & Mutations

You reflexively headbutt those who attack you in melee.
You have a pair of horns on your head.
You are robust. (+10% HP)
Your muscles are strong. (Str +2)


Message History

a +0 robe; a +0 dagger You hit Frances.
You headbutt Frances.
Frances is lightly wounded.
The iguana misses you. Frances hits you with a +0 flail!
You block the orc warrior's attack.
You slash Frances! You headbutt Frances.
Frances is lightly wounded.
The iguana completely misses you.
You slash the iguana! You headbutt the iguana.
You kill the iguana!
Qazlal accepts your kill.
Frances screams a word of power!
The iron shot hits you!!!
You feel protected from physical attacks.
Ouch! That really hurt!
* * * LOW HITPOINT WARNING * * *
The orc warrior barely misses you. You furiously retaliate!
You headbutt the orc warrior.
You feel better. Frances hits you with a +0 flail!!
You die...

######### #.......# #.#####.#
######## #.#####.#####
#o@....#
#.#.........###@####.#
#.#.###.###..##)####.# ###
#....##.###...#°.....###.##
##....##.##.........#.##.#.##
#........###...#..#.#.#.###.##
........## ##.##..#....## ##.#
........# #.##..###.#.###<##
.##...### #.##......##.#.## #
.##...# ##'#########.#.#.## #


You could see Frances and an orc warrior.

Vanquished Creatures
  Erolcha (D:10)
  A hydra (D:11)
  A two-headed ogre (D:11)
  An ugly thing (D:11)
  A manticore (D:12)
  2 slime creatures
  An elephant (D:10)
  An ice statue (D:11)
  2 guardian serpents (D:9)
  A centaur skeleton (D:12)
  2 kobold demonologists
  2 trolls
  A hornet (D:10)
  A hippogriff (D:10)
  Sigmund (D:2)
  A spriggan (D:9)
  A shadow (D:12)
  16 yaks
  A basilisk (D:10)
  A steam dragon (D:11)
  Eustachio (D:6)
  A water moccasin (D:8)
  4 orc warriors
  A black bear (D:10)
  3 ice beasts
  2 phantoms
  2 necrophages
  5 sky beasts
  5 ogres
  9 centaurs
  3 crocodiles
  12 big kobolds
  8 bullfrogs
  3 scorpions
  3 killer bees (D:8)
  8 wights
  An electric eel (D:6)
  4 howler monkeys (D:11)
  3 crimson imps
  4 bullfrog zombies
  2 quasits
  4 hounds
  2 jellies
  5 orc priests
  A gnoll shaman (D:8)
  Crazy Yiuf (D:3)
  A bullfrog skeleton (D:7)
  3 iguanas
  10 orc wizards
  6 worker ants
  A hound zombie (D:7)
  A hound skeleton (D:8)
  7 gnolls (D:8)
  A howler monkey skeleton (D:6)
  A howler monkey zombie (D:11)
  2 worker ant zombies (D:7)
  12 adders
  A river rat (D:5)
  A shadow imp (D:8)
  An ooze (D:1)
  An adder zombie (D:7)
  4 worms
  An adder skeleton (D:9)
  A dart slug (D:2)
  8 leopard geckos
  39 orcs
  7 bats
  9 giant cockroaches
  15 goblins
  11 hobgoblins
  8 jackals
  8 quokkas
  A ball python (D:5)
  2 frilled lizards
  22 kobolds
  A leopard gecko skeleton (D:5)
  A quokka skeleton (D:5)
  9 rats
332 creatures vanquished.

Vanquished Creatures (others)
  4 withered plants (D:6)
4 creatures vanquished.

Grand Total: 336 creatures vanquished

Notes
Turn   | Place    | Note
-------+----------+-------------------------------------------
     0 | D:1      | Emblim88 the Minotaur Monk began the quest for the Orb.
     0 | D:1      | Reached XP level 1. HP: 19/19 MP: 0/0
    69 | D:1      | Reached XP level 2. HP: 22/27 MP: 1/1
   352 | D:1      | Reached XP level 3. HP: 28/33 MP: 2/2
   967 | D:2      | Noticed Sigmund
   981 | D:2      | Killed Sigmund
   981 | D:2      | Reached skill level 5 in Fighting
   981 | D:2      | Reached skill level 5 in Long Blades
   981 | D:2      | Reached XP level 4. HP: 18/42 MP: 3/3
   981 | D:2      | Reached XP level 5. HP: 21/48 MP: 4/4
  1871 | D:3      | Reached skill level 5 in Dodging
  1951 | D:3      | Found a basalt altar of Yredelemnul.
  1973 | D:3      | Reached XP level 6. HP: 50/56 MP: 5/5
  2407 | D:3      | Found a runed translucent door.
  2408 | D:3      | Noticed Crazy Yiuf
  2626 | D:3      | Killed Crazy Yiuf
  2694 | D:4      | Got a distressingly furry leather armour
  2705 | D:4      | Identified the +2 leather armour "Abonad" {rElec Int+3
                  | Dex+3 Stlth+} (You found it on level 4 of the Dungeon)
  2709 | D:4      | Found a staircase to the Ecumenical Temple.
  3126 | D:4      | Found a deep blue altar of Sif Muna.
  3129 | D:4      | Found a blossoming altar of Fedhas.
  3132 | D:4      | Found a radiant altar of Vehumet.
  3248 | D:4      | Reached skill level 1 in Evocations
  3248 | D:4      | Reached XP level 7. HP: 63/63 MP: 6/6
  3401 | Temple   | Entered the Ecumenical Temple
  3410 | Temple   | Became a worshipper of Qazlal Stormbringer
  3410 | Temple   | Reached * piety under Qazlal
  3410 | Temple   | Reached ** piety under Qazlal
  3447 | D:5      | Entered Level 5 of the Dungeon
  3488 | D:5      | Reached skill level 1 in Invocations
  3708 | D:5      | Found a white marble altar of Elyvilon.
  3939 | D:5      | Found a glowing drain.
  3946 | Sewer    | Entered a sewer
  4429 | D:6      | Reached *** piety under Qazlal
  4429 | D:6      | Reached XP level 8. HP: 54/71 MP: 9/9
  4705 | D:6      | Noticed Eustachio
  4717 | D:6      | Killed Eustachio
  5100 | D:6      | Reached skill level 5 in Invocations
  5107 | D:6      | Reached XP level 9. HP: 63/80 MP: 11/11
  5539 | D:6      | Found a sparkling altar of Nemelex Xobeh.
  5540 | D:6      | Found an opulent altar of Gozag.
  5592 | D:6      | Found a runed translucent gate.
  5595 | D:6      | Noticed NeAGen181's ghost (amateur HOFi)
  5598 | D:6      | Found a runed translucent gate.
  5598 | D:6      | Found a runed translucent gate.
  5599 | D:6      | Noticed Tensor's ghost (novice HaHu)
  5847 | D:7      | Reached **** piety under Qazlal
  6429 | D:7      | You fall through a shaft for 3 floors!
  6429 | D:10     | Entered Level 10 of the Dungeon
  6438 | D:10     | Noticed a troll
  6448 | D:10     | Killed a troll
  6489 | D:10     | Reached XP level 10. HP: 32/90 MP: 14/14
  6603 | D:10     | Noticed an elephant
  6615 | D:10     | Killed an elephant
  6674 | D:10     | Found a staircase to the Lair.
  6709 | D:10     | Noticed Erolcha
  6716 | D:10     | Killed Erolcha
  6716 | D:10     | Reached skill level 5 in Evocations
  7138 | D:9      | Noticed a guardian serpent
  7144 | D:9      | Killed a guardian serpent
  7203 | D:9      | Found a shattered altar of Ashenzari.
  7267 | D:8      | Reached ***** piety under Qazlal
  7294 | D:8      | Reached XP level 11. HP: 99/99 MP: 16/16
  7333 | D:8      | Found an iron altar of Okawaru.
  7612 | D:7      | Gained mutation: You are robust. (+10% HP) [potion of
                  | mutation]
  7612 | D:7      | Gained mutation: Your muscles are strong. (Str +2) [potion
                  | of mutation]
  7847 | D:8      | Learned a level 2 spell: Shroud of Golubria
  7851 | D:8      | Learned a level 3 spell: Regeneration
  7854 | D:8      | Learned a level 2 spell: Song of Slaying
  8041 | D:8      | Found Syiquemmaci's General Store.
  8310 | D:9      | Reached skill level 1 in Armour
  8313 | D:9      | Reached skill level 10 in Fighting
  8317 | D:9      | Reached skill level 10 in Long Blades
  8325 | D:9      | Reached skill level 1 in Spellcasting
  8350 | D:9      | Reached skill level 1 in Charms
  8891 | D:9      | Found a glowing silver altar of Zin.
  8891 | D:9      | Noticed an angel
  8969 | D:9      | Found a bloodstained altar of Trog.
  9616 | D:11     | Noticed a white ugly thing
  9628 | D:11     | Killed a white ugly thing
  9706 | D:11     | Noticed an eight-headed hydra
  9711 | D:11     | Killed an eight-headed hydra
 10594 | D:11     | Learned a level 7 spell: Spellforged Servitor
 10596 | D:12     | Noticed a two-headed ogre
 10970 | D:12     | Noticed Frances
 11141 | D:11     | Reached XP level 12. HP: 113/116 MP: 10/18
 11150 | D:11     | Killed a two-headed ogre
 11150 | D:11     | Reached skill level 1 in Summonings
 11188 | D:11     | HP: 5/116 [Frances/iron shot (58)]
 11189 | D:11     | Demolished by Frances

Skill      XL: |  1  2  3  4  5  6  7  8  9 10 11 12 |
---------------+-------------------------------------+-----
Long Blades    | 4 5 6 7 8 9 10 | 10.5
Fighting       | 4 5 6 7 8 9 10 | 10.4
Dodging        | 4 5 6 7 8 9 |  9.5
Evocations     | 1 2 3 4 5 6 |  6.1
Invocations    | 3 5 7 8 9 |  9.9
Armour         | 3 |  3.2
Spellcasting   | 2 |  2.7
Charms         | 2 |  2.6
Summonings     | 1 |  1.0
Stealth        | |  1.5
Conjurations   | |  0.5

Action                   |  1- 3 |  4- 6 |  7- 9 | 10-12 || total
-------------------------+-------+-------+-------+-------++-------
Melee: Falchion          |    62 |   111 |       |       ||   173
       Headbutt          |    16 |    29 |    75 |   134 ||   254
       Dagger            |    19 |       |       |       ||    19
       Long sword        |       |    11 |   267 |       ||   278
       Scimitar          |       |       |    21 |   402 ||   423
 Cast: Shroud of Golubri |       |       |       |     1 ||     1
Invok: Disaster Area     |       |       |       |     1 ||     1
 Abil: Evoke Flight      |       |       |       |     1 ||     1
Evoke: Wand              |       |       |       |    15 ||    15
       Lamp of fire      |       |       |       |     1 ||     1
  Use: Scroll            |       |       |     8 |     2 ||    10
       Potion            |       |       |     8 |     6 ||    14
 Stab: Sleeping          |     5 |     4 |       |       ||     9
  Eat: Chunk             |       |     4 |     6 |     4 ||    14
       Ration            |       |     1 |     3 |     2 ||     6
Armor: Robe              |    11 |       |       |       ||    11
       Leather armour    |     4 |     4 |    32 |    48 ||    88
       Ring mail         |       |    25 |       |       ||    25
Dodge: Dodged            |    50 |    79 |   222 |   330 ||   681
       Deflected         |       |       |     1 |     6 ||     7
Block: Other             |       |       |    52 |   103 ||   155
       Rpst.: Falchion   |     7 |    22 |       |       ||    29
       Long sword        |       |     2 |    48 |       ||    50
       Scimitar          |       |       |     4 |    87 ||    91
